 Dungeon Crawl Stone Soup version 0.17-a0-1900-g45e8110 (webtiles) character file.

2937 ololoev the Cleaver (level 9, 45/84 HPs)
             Began as a Deep Dwarf Gladiator on Sept 24, 2015.
             Quit the game in the Ecumenical Temple.
             The game lasted 00:18:42 (1711 turns).

ololoev the Cleaver (Deep Dwarf Gladiator)          Turns: 1711, Time: 00:18:42

Health: 45/84      AC: 12    Str: 23    XL:     9   Next: 51%
Magic:  7/7        EV: 12    Int:  8    God:
Gold:   571        SH:  0    Dex: 13    Spells: 0 memorised, 8 levels left

rFire  . . .     SeeInvis .     a - +0 war axe
rCold  . . .     Clarity  .     l - +3 scale mail {rN+}
rNeg   + . .     SustAt   .     (no shield)
rPois  .         Gourm    .     c - +0 helmet
rElec  .         Spirit   .     (no cloak)
rCorr  .         Warding  .     (no gloves)
rMut   .         Stasis   .     (no boots)
MR     +....                    (no amulet)
Stlth  ..........               (no ring)
                                h - +1 ring of evasion

@: non-regenerating, somewhat resistant to hostile enchantments, extremely
unstealthy
A: damage resistance, recharge devices, sense surroundings 2, slow healing 3
a: Device Recharging


Innate Abilities, Weirdness & Mutations

You are resistant to damage.
You can recharge devices by infusing magical energy.
You passively map the area around you.
You do not heal naturally.

Inventory:

Hand weapons
 a - a +0 war axe (weapon)
Armour
 c - a +0 helmet (worn)
 l - a +3 scale mail of positive energy (worn)
Jewellery
 h - a +1 ring of evasion (left hand)
 u - an uncursed ring of sustain attributes
Magical devices
 e - a wand of heal wounds (1)
 o - a wand of disintegration (6)
 t - a wand of enslavement (11)
Scrolls
 b - a scroll of noise {unknown}
 i - 3 scrolls of remove curse
 k - a scroll of identify {unknown}
 m - 2 scrolls of teleportation {unknown}
 n - a scroll of random uselessness {unknown}
 r - 2 scrolls of summoning {unknown}
Potions
 j - a potion of curing
 p - 2 potions of brilliance {unknown}
 q - a potion of haste {unknown}
Books
 d - a book of Envenomations

   Spells                             Type                      Level
   a - Spider Form                    Transmutation/Poison         3
   b - Alistair's Intoxication        Transmutation/Poison         4
   c - Olgreb's Toxic Radiance        Poison                       4
   d - Poisonous Cloud                Conjuration/Poison/Air       6
Comestibles
 f - 3 bread rations
 g - a royal jelly
 s - a beef jerky
 v - 6 chunks of flesh


   Skills:
 + Level 6.3 Fighting
 * Level 10.6 Axes
 - Level 1.7 Throwing
 + Level 7.1 Armour
 - Level 3.2 Dodging


You had 8 spell levels left.
You didn't know any spells.
You were in the Ecumenical Temple. You were not hungry. You visited 2 branches of the dungeon, and saw 9 of its levels. You collected 571 gold pieces. ♣.......................♣ ♣..._..............._...♣ ♣..........._...........♣ ♣.......................#### ♣.......................#.8. ♣.......................'... ♣....._.....⌠....._.....'... ♣.......................'... ♣..........@............#.8. ♣.......................#### ♣..........._...........♣ ♣..._..............._...♣ ♣.......................♣ ♣.......................♣ ♣♣♣♣♣♣♣♣♣♣♣♣♣♣♣♣ *

Notes
Turn   | Place    | Note
--------------------------------------------------------------
     0 | D:1      | ololoev the Deep Dwarf Gladiator began the quest for the Orb.
     0 | D:1      | Reached XP level 1. HP: 19/19 MP: 1/1
    57 | D:1      | Reached XP level 2. HP: 23/26 MP: 2/2
   150 | D:3      | Reached skill level 1 in Armour
   205 | D:4      | Reached skill level 4 in Axes
   205 | D:4      | Reached XP level 3. HP: 16/32 MP: 0/3
   259 | D:4      | Reached XP level 4. HP: 32/40 MP: 2/4
   368 | D:4      | Found a deep blue altar of Sif Muna.
   410 | D:4      | Reached XP level 5. HP: 36/46 MP: 5/5
   415 | D:4      | Reached skill level 5 in Axes
   493 | D:5      | Entered Level 5 of the Dungeon
   494 | D:5      | Found an iron altar of Okawaru.
   531 | D:5      | Noticed ololoev's ghost (average DDFi)
   558 | D:5      | Killed ololoev's ghost
   558 | D:5      | Reached skill level 6 in Axes
   558 | D:5      | Reached XP level 6. HP: 45/56 MP: 6/6
   578 | D:6      | Found a glowing silver altar of Zin.
   578 | D:6      | Noticed an angel
   580 | D:6      | Found a shimmering altar of Xom.
   627 | D:5      | Noticed an ogre
   635 | D:5      | Killed an ogre
   635 | D:5      | Reached XP level 7. HP: 49/63 MP: 7/7
   668 | D:5      | Found a blossoming altar of Fedhas.
   675 | D:5      | Noticed a centaur
   693 | D:5      | Killed a centaur
   710 | D:6      | Reached skill level 7 in Axes
   793 | D:5      | Noticed a centaur
   801 | D:5      | Killed a centaur
  1066 | D:5      | Found a sacrificial altar of Ru.
  1096 | D:6      | Noticed a hippogriff
  1105 | D:6      | Reached skill level 5 in Armour
  1105 | D:6      | Reached XP level 8. HP: 50/73 MP: 7/7
  1109 | D:6      | Killed a hippogriff
  1109 | D:6      | Reached skill level 8 in Axes
  1145 | D:6      | Noticed Prince Ribbit
  1159 | D:6      | Reached skill level 5 in Fighting
  1168 | D:6      | Killed Prince Ribbit
  1188 | D:6      | Noticed a wyvern
  1196 | D:6      | Noticed a griffon
  1202 | D:6      | Killed a wyvern
  1202 | D:6      | Reached skill level 9 in Axes
  1209 | D:6      | Killed a griffon
  1209 | D:6      | Gained mutation: You passively map the area around you. [Deep Dwarf growth]
  1209 | D:6      | Reached XP level 9. HP: 62/82 MP: 8/8
  1225 | D:6      | Reached skill level 10 in Axes
  1414 | D:7      | Noticed Joseph
  1440 | D:7      | Killed Joseph
  1498 | D:8      | Found an opulent altar of Gozag.
  1561 | D:8      | Found a radiant altar of Vehumet.
  1658 | D:7      | Found a staircase to the Ecumenical Temple.
  1664 | Temple   | Entered the Ecumenical Temple
  1711 | Temple   | Quit the game

Dungeon Overview and Level Annotations

Branches:
Dungeon (8/15)             Temple (1/1) D:7
   Lair: D:8-11

Altars:
Dithmenos
Elyvilon
Fedhas
Gozag
Kikubaaqudgha
Nemelex Xobeh
Okawaru
Qazlal
Ru
Sif Muna
Trog
Vehumet
Xom
Yredelemnul
Zin


Message History

The crimson imp is heavily wounded.
The crimson imp barely misses you.
You hit the crimson imp but do no damage.
The crimson imp is heavily wounded.
The crimson imp sputters.
The crimson imp barely misses you.
You hit the crimson imp.
The crimson imp is heavily wounded.
The crimson imp barely misses you.
You hit the crimson imp.
The crimson imp is severely wounded.
The crimson imp hits you but does no damage.
You slash the crimson imp!
You kill the crimson imp!
Eat one of 7 chunks of flesh? (ye/n/q/i?) This raw flesh tastes terrible.
You continue eating. x2
Found 19 bolts.
Found an escape hatch in the floor.
As you open the door, it creaks loudly!
Found a staircase to the Ecumenical Temple.
Found 4 fruits.
There is an open door here.
There is a staircase to the Ecumenical Temple here.
You climb downwards.
Welcome to the Ecumenical Temple!
There is a staircase back to the Dungeon here.
You open the gate.
Found three altars.
There is an open gate here.
Found a basalt altar of Yredelemnul and an iron altar of Okawaru.
There is a white marble altar of Elyvilon here.
Found a bloodstained altar of Trog.
There is a fountain of clear blue water here.
Found a stormy altar of Qazlal and a shadowy altar of Dithmenos.
There is a bloodstained altar of Trog here.
Drink which item? (? for menu, Esc to quit)
You don't have any such object.
Drink which item? (? for menu, Esc to quit)
You can't drink that!
Are you sure you want to abandon this character and quit the game? (Confirm with "yes".)

There were no monsters in sight!

Vanquished Creatures
  A griffon (D:6)
  Joseph (D:7)
  The ghost of ololoev the Chopper, an average DDFi (D:5)
  Prince Ribbit (D:6)
  A wyvern (D:6)
  A hippogriff (D:6)
  3 ogres
  A sky beast (D:6)
  2 centaurs (D:5)
  An ice beast (D:8)
  A crocodile (D:6)
  A big kobold (D:6)
  2 giant frogs (D:6)
  A scorpion (D:5)
  A wight (D:6)
  A giant frog skeleton (D:6)
  A crimson imp (D:7)
  A giant frog zombie (D:4)
  A hound (D:6)
  A jelly (D:6)
  3 iguanas
  2 orc wizards (D:4)
  3 worker ants
  2 hound skeletons
  8 adders
  8 gnolls
  2 shadow imps
  An ooze (D:1)
  A worm (D:4)
  3 giant geckos
  13 orcs
  A giant cockroach (D:6)
  A goblin (D:3)
  2 hobgoblins (D:1)
  5 jackals
  A quokka (D:6)
  A ball python (D:2)
  2 bats
  A giant gecko skeleton (D:4)
  A giant newt (D:1)
  A jackal zombie (D:6)
  2 kobolds
  A rat (D:1)
89 creatures vanquished.

Action                   |  1- 3 |  4- 6 |  7- 9 || total
-------------------------+-------+-------+-------++-------
Melee: War axe           |    56 |    83 |   218 ||   357
Throw: Throwing net      |       |     1 |     2 ||     3
 Abil: Device Recharging |       |       |     2 ||     2
Evoke: Wand              |     1 |     3 |    12 ||    16
  Use: Potion            |       |     3 |     1 ||     4
       Scroll            |       |       |     1 ||     1
 Stab: Invisible         |       |     3 |       ||     3
  Eat: Chunk             |       |       |     4 ||     4

Vault maps used:
D:1:      minmay_arrival_jagged
D:2:      hex_medium, guppyfry_early_lair_pool
D:3:      lemuel_doored_altar, overflow_temple_1_default, lemuel_tele_altar,
          uniq_grinder
D:4:      lemuel_blue_sif_altar, first_bread
D:5:      overflow_temple_1_default, kennysheep_mini, minmay_item_behind_shaft,
          hangedman_decor_lopped, okawaru_gym_becter
D:6:      minmay_klotski, grunt_temple_overflow_order_and_chaos_1,
          uniq_prince_ribbit1
D:7:      minmay_temple_entry_hall, uniq_joseph
D:8:      vehumet_crystals, makhleb_blood_cavern_becter,
          nicolae_gozag_cash_rules_everything_around_me, serial_shops, shop
Temple:   cyrus_temple_forest_13
